 Dungeon Crawl Stone Soup version 0.25.0-10-g039870ee82 (webtiles) character file.

Game seed: 14728727062615955059

(classic levelgen) 25048 EnegeticOcto the Champion of Chaos (level 12, -23/110 HPs)
             Began as a Deep Dwarf Fighter on June 23, 2020.
             Was the Champion of Makhleb.
             Annihilated by an enormous slime creature (72 damage)
             ... on level 12 of the Dungeon.
             The game lasted 00:07:43 (8353 turns).

EnegeticOcto the Champion of Chaos (DDFi)           Turns: 8353, Time: 00:07:43

Health: -23/110    AC: 21    Str: 25    XL:     12   Next: 86%
Magic:  14/14      EV: 14    Int:  9    God:    Makhleb [******]
Gold:   59         SH: 12    Dex: 12    Spells: 11/11 levels left

rFire    . . .     SeeInvis .   l - +3 war axe
rCold    . . .     Gourm    .   c - +0 kite shield
rNeg     . . .     Faith    +   q - +2 plate armour {MR+}
rPois    .         Spirit   .   i - +0 helmet
rElec    .         Reflect  .   w - +0 cloak
rCorr    .         Harm     .   t - +0 pair of gloves
MR       ++...                  g - +0 pair of boots
Stlth    ..........             v - amulet of faith
HPRegen  0.00/turn              o - +4 ring of slaying
MPRegen  0.14/turn              r - +4 ring of evasion

@: non-regenerating, studying Dodging
A: damage resistance, heal wounds, sense surroundings 2, no regeneration
a: Heal Wounds, Minor Destruction, Lesser Servant of Makhleb, Major Destruction,
Greater Servant of Makhleb, Renounce Religion


You were on level 12 of the Dungeon.
You worshipped Makhleb.
Makhleb was exalted by your worship.
You were not hungry.

You visited 3 branches of the dungeon, and saw 15 of its levels.

You collected 1151 gold pieces.
You spent 1092 gold pieces at shops.

Inventory:

Hand Weapons
 l - a +3 war axe (weapon)
Missiles
 u - a throwing net (quivered)
Armour
 c - a +0 kite shield (worn)
 g - a +0 pair of boots (worn)
 i - a +0 helmet (worn)
 q - a +2 plate armour of magic resistance (worn)
 t - a +0 pair of gloves (worn)
 w - a +0 cloak (worn)
Jewellery
 o - a +4 ring of slaying (left hand)
 r - a +4 ring of evasion (right hand)
 v - an amulet of faith (around neck)
Wands
 x - a wand of iceblast (10) {@v2}
 y - a wand of paralysis (3)
 B - a wand of digging (9) {@v3}
 G - a wand of polymorph (10)
Scrolls
 f - 7 scrolls of remove curse {@r2}
 h - 2 scrolls of immolation {@r7}
 m - 3 scrolls of teleportation {@r3}
 z - a scroll of blinking {@r4}
 H - a scroll of magic mapping {@r5}
 J - a scroll of fog
Potions
 b - 2 potions of lignification {@q7}
 d - 10 potions of curing {@q1}
 j - 2 potions of stabbing {@q5}
 k - 3 potions of might {@q3}
 n - a potion of haste {@q4}
 s - 3 potions of flight
 A - 2 potions of magic
 C - 2 potions of heal wounds {@q2}
 I - 4 potions of mutation
Books
 p - a manual of Dodging
Miscellaneous
 D - a phial of floods
 F - a lightning rod (4/4)
Comestibles
 a - 4 chunks of flesh
 e - 17 rations


   Skills:
 + Level 8.1 Fighting
 * Level 12.0 Axes
 + Level 9.0 Armour
 + Level 9.4 Dodging
 + Level 9.1 Shields
 * Level 12.8 Invocations
 + Level 5.6 Evocations


You had 11 spell levels left.
You didn't know any spells.
Your spell library contained the following spells:

 Spells                   Type           Power        Failure   Level  Hunger
 Freeze                   Ice            #...         100%        1    ##.....
 Infusion                 Chrm           #...         100%        1    ##.....
 Magic Dart               Conj           #...         100%        1    ##.....
 Blink                    Tloc           N/A          100%        2    ###....
 Call Imp                 Summ           #.......     100%        2    ###....
 Shroud of Golubria       Chrm/Tloc      #.....       100%        2    ###....
 Slow                     Hex            #.......     100%        2    ###....
 Song of Slaying          Chrm           #.......     100%        2    ###....
 Swiftness                Chrm/Air       #.......     100%        2    ###....
 Conjure Flame            Conj/Fire      #.......     100%        3    ####...
 Frozen Ramparts          Ice            #.....       100%        3    ####...
 Mephitic Cloud           Conj/Pois/Air  #.......     100%        3    ####...
 Ozocubu's Armour         Chrm/Ice       #.......     100%        3    ####...
 Hailstorm                Conj/Ice       #.......     100%        4    #####..
 Summon Ice Beast         Ice/Summ       #.......     100%        4    #####..
 Summon Lightning Spire   Summ/Air       #.......     100%        4    #####..
 Iskenderun's Battlesphe  Conj/Chrm      #.......     100%        5    ######.
 Silence                  Hex/Air        #.........   100%        5    ######.
 Conjure Ball Lightning   Conj/Air       #.........   100%        6    #######
 Tornado                  Air            #.........   100%        9    #######


Dungeon Overview and Level Annotations

Branches:
Dungeon (12/15)            Temple (1/1) D:5            Lair (0/6) D:8
    Orc (2/2) D:9             Elf (0/3) Orc:2

Altars:
Ashenzari
Cheibriados
Dithmenos
Fedhas
Gozag
Hepliaklqana
Kikubaaqudgha
Makhleb
Nemelex Xobeh
Okawaru
Ru
Sif Muna
Trog
Vehumet
Wu Jian
Xom
Yredelemnul
Zin
The Shining One
Beogh

Shops:
D:5 :   Orc:2 =[*(

Annotations:
D:9 exclusion: 2 goblins


Innate Abilities, Weirdness & Mutations

You are resistant to damage.
You can heal yourself by infusing magical energy.
You passively map the area around you.
You do not regenerate.


Message History

You hit the orc warrior.
The orc warrior is heavily wounded.
The orc wizard points at you and mumbles some strange words.
The puff of flame hits you but does no damage.
The orc warrior throws a boomerang.
The boomerang hits you but does no damage.
The weapon returns to the orc warrior!
The orc warrior closely misses you.
You hit the orc warrior.
The orc warrior is heavily wounded.
The orc warrior throws a boomerang.
You block the boomerang.
You slash the orc warrior!
You kill the orc warrior!
Makhleb accepts your kill.
You feel better.
The orc warrior throws a boomerang.
The boomerang barely misses you.
The weapon returns to the orc warrior!
You slash the orc wizard!
The orc wizard is almost dead.
You block the orc wizard's attack.
You hit the orc wizard.
You kill the orc wizard!
Makhleb accepts your kill. The orc warrior barely misses you.
You slash the orc warrior!
The orc warrior is moderately wounded.
You block the orc warrior's attack.
You slash the orc warrior!
The orc warrior is severely wounded.
The orc warrior closely misses you.
You slash the orc warrior!
You kill the orc warrior!
Makhleb accepts your kill.
No target in view!
No target in view!
No target in view!
No target in view!
No target in view!
No target in view!
No target in view!
No target in view!
No target in view!
No target in view!
Things that are here:
a +0 glaive; 3 boomerangs; a +0 chain mail
Items here: )) [[ † a +0 dagger; a +0 robe; a +0 long sword; a +0 plate armour; an orc corpse You see here a +0 mace.
Things that are here:
a +0 hand axe; an orc corpse
Found a robe.
A slime creature comes into view.
The slime creature quivers.
A slime creature is nearby!
A slime creature and a cyclops come into view.
The slime creature quivers.
The cyclops shouts!
The cyclops throws a large rock.
The large rock closely misses you.
You see here a large rock.
A slime creature comes into view.
A hound and 2 slime creatures come into view.
The slime creature quivers. x2
The hound barks!
You block the slime creature's attack. x2
You hit the slime creature.
The slime creature is lightly wounded.
You slash the slime creature!
Two slime creatures merge to form a large slime creature.
The slime creature completely misses you.
You hit the slime creature.
The slime creature is lightly wounded.
You slash the large slime creature!
The cyclops throws a large rock.
The large rock hits you! The slime creature hits you.
You slice the large slime creature!!
The large slime creature is heavily wounded.
You miss the hound. You slash the slime creature!
Two slime creatures merge to form a very large slime creature.
The hound bites you but does no damage.
Two slime creatures merge to form an enormous slime creature.
The slime creature completely misses you.
Your shield and plate armour prevent you from hitting the slime creature.
The slime creature is moderately wounded.
You hit the enormous slime creature. You hit the hound.
The hound barely misses you. The hound misses you.
Some of the chunks of flesh in your inventory have rotted away.
You slash the slime creature!
The slime creature is heavily wounded.
You hit the enormous slime creature. You closely miss the hound.
The slime creature hits you but does no damage.
The hound bites you.
You completely miss the slime creature.
The slime creature is heavily wounded.
You slash the enormous slime creature! You slash the hound!
You block the hound's attack. The slime creature hits you!
The enormous slime creature hits you!!!
You hit the hound.
The hound is almost dead.
You hit the slime creature. You slash the enormous slime creature!
You block the hound's attack. You block the slime creature's attack.
The enormous slime creature hits you!!!!
Ouch! That really hurt!
You die...

..# ,* * #... *.... ###.
,* ,,#...# , ### .......#
, , , #...# ,, * .......#
, ,######...#,,
......[########........# ,
,
.......................#*
**
.................C...... ,
.................h......
,,
..............(.@J......
...........###'##J...... *
...........#....#.......
...........#....#.......,,
...........#....#....... ,
#..........######.......,
#.......................
#######........######...,
########## ,


You could see an enormous slime creature, a slime creature, a cyclops and a
hound.

Vanquished Creatures
  An orc warlord (Orc:2)
  Josephine (D:10)
  5 two-headed ogres
  Urug (Orc:2)
  An orc high priest (D:9)
  2 unseen horrors (D:10)
  2 orc knights
  An orc sorcerer (Orc:2)
  A cyclops (D:9)
  2 manticores
  Joseph (D:7)
  A gargoyle (D:11)
  4 trolls
  Prince Ribbit (D:9)
  A slime creature (D:10)
  4 hippogriffs
  5 wraiths (D:10)
  A spriggan (D:7)
  A vampire (D:10)
  A wyvern (D:10)
  7 yaks
  3 hungry ghosts
  Grum (D:9)
  3 vampire mosquitoes (D:12)
  3 wargs (Orc:1)
  14 orc warriors
  5 sky beasts
  3 phantoms
  11 ogres
  8 centaurs
  5 wolves
  A necrophage (D:6)
  A crocodile (D:10)
  7 bullfrogs
  A big kobold (D:11)
  A wyvern zombie (D:12)
  A scorpion (D:6)
  15 killer bees
  A troll zombie (D:9)
  A wight (D:6)
  6 electric eels (D:8)
  A howler monkey (D:9)
  2 bullfrog zombies
  6 crimson imps
  A centaur zombie (D:6)
  5 jellies
  3 centaur skeletons
  13 hounds
  11 orc priests
  15 orc wizards
  5 bullfrog skeletons
  6 worker ants
  A killer bee zombie (D:5)
  7 ogre zombies (D:9)
  A hound zombie (D:10)
  A hound skeleton (D:4)
  8 gnolls
  A howler monkey skeleton (D:6)
  4 adders
  4 shadow imps
  An adder zombie (D:9)
  3 leopard geckos
  76 orcs
  2 giant cockroaches
  2 goblins (D:2)
  9 jackals
  6 quokkas
  2 frilled lizards (D:4)
  5 goblin zombies (D:9)
  A hobgoblin skeleton (D:9)
  A hobgoblin zombie (D:9)
  9 kobolds
  2 orc skeletons (D:9)
  16 orc zombies (D:9)
  2 quokka skeletons
  A rat (D:2)
368 creatures vanquished.

Vanquished Creatures (collateral kills)
  An orc high priest (Orc:2)
  2 orc knights (Orc:2)
  2 orc sorcerers (Orc:2)
  9 orc warriors (Orc:2)
  An ogre (Orc:2)
  2 orc priests (Orc:2)
  5 orc wizards (Orc:2)
  5 orcs (Orc:2)
27 creatures vanquished.

Vanquished Creatures (others)
  An orc wizard (D:6)
1 creature vanquished.

Grand Total: 396 creatures vanquished

Notes
Turn   | Place    | Note
-------+----------+-------------------------------------------
     0 | D:1      | EnegeticOcto the Deep Dwarf Fighter began the quest for the
                  | Orb.
     0 | D:1      | Reached XP level 1. HP: 20/20 MP: 1/1
   154 | D:2      | Reached XP level 2. HP: 28/28 MP: 2/2
   415 | D:3      | Reached XP level 3. HP: 32/34 MP: 3/3
   419 | D:3      | Reached skill level 1 in Dodging
   504 | D:4      | Found a shattered altar of Ashenzari.
   513 | D:4      | Reached XP level 4. HP: 40/42 MP: 4/4
   619 | D:4      | Reached XP level 5. HP: 43/49 MP: 5/5
   958 | D:4      | Noticed an ogre
   964 | D:4      | Killed an ogre
   964 | D:4      | Reached XP level 6. HP: 47/57 MP: 6/6
  1007 | D:5      | Entered Level 5 of the Dungeon
  1292 | D:5      | Found Zexiqelu's Book Shop.
  1403 | D:5      | Found a staircase to the Ecumenical Temple.
  1426 | D:5      | Reached XP level 7. HP: 38/66 MP: 6/6
  1433 | Temple   | Entered the Ecumenical Temple
  1494 | Temple   | Became a worshipper of Makhleb the Destroyer
  1737 | D:5      | Found a snail-covered altar of Cheibriados.
  1931 | D:6      | Reached skill level 1 in Invocations
  1953 | D:6      | Reached skill level 5 in Axes
  2041 | D:6      | Reached * piety under Makhleb
  2195 | D:6      | Reached skill level 5 in Armour
  2195 | D:6      | Reached XP level 8. HP: 54/73 MP: 8/8
  2264 | D:6      | Reached skill level 5 in Shields
  2778 | D:7      | Noticed Joseph
  2809 | D:7      | Killed Joseph
  2809 | D:7      | Reached skill level 5 in Fighting
  2809 | D:7      | Reached skill level 5 in Invocations
  3004 | D:7      | Reached ** piety under Makhleb
  3181 | D:7      | Gained mutation: You passively map the area around you.
                  | [Deep Dwarf growth]
  3181 | D:7      | Reached XP level 9. HP: 32/81 MP: 11/11
  3588 | D:8      | Noticed a manticore
  3607 | D:8      | Killed a manticore
  3607 | D:8      | Reached skill level 5 in Dodging
  3611 | D:8      | Found a staircase to the Lair.
  3736 | D:8      | Noticed a troll
  3764 | D:8      | Killed a troll
  3845 | D:8      | Reached *** piety under Makhleb
  3882 | D:8      | Found a hazy altar of Hepliaklqana.
  3883 | D:8      | Found a radiant altar of Vehumet.
  3900 | D:8      | Found a shimmering blue altar of Sif Muna.
  3922 | D:8      | Reached XP level 10. HP: 91/91 MP: 12/14
  4009 | D:8      | You fall into a shaft and drop 3 floors!
  4149 | D:11     | Noticed a manticore
  4158 | D:11     | Killed a manticore
  4299 | D:11     | Noticed a two-headed ogre
  4307 | D:11     | Noticed a gargoyle
  4315 | D:11     | Killed a two-headed ogre
  4315 | D:11     | Reached **** piety under Makhleb
  4320 | D:11     | Killed a gargoyle
  4618 | D:10     | Entered Level 10 of the Dungeon
  4894 | D:10     | Noticed a two-headed ogre
  4917 | D:10     | Killed an unseen horror
  4917 | D:10     | Reached skill level 10 in Invocations
  4917 | D:10     | Reached XP level 11. HP: 60/99 MP: 16/16
  4918 | D:10     | Killed a two-headed ogre
  4933 | D:10     | Reached skill level 10 in Axes
  4993 | D:10     | Identified the Compendium of Boosts
  5115 | D:10     | Reached ***** piety under Makhleb
  5150 | D:10     | Killed an unseen horror
  5210 | D:10     | Reached skill level 1 in Evocations
  5304 | D:10     | Noticed Josephine
  5326 | D:10     | Killed Josephine
  5690 | D:10     | Identified a scroll of acquirement
  5699 | D:9      | Noticed Prince Ribbit
  5994 | D:9      | Reached ****** piety under Makhleb
  5996 | D:9      | Killed Prince Ribbit
  6055 | D:9      | Found a staircase to the Orcish Mines.
  6107 | D:9      | Found an iron altar of Okawaru.
  6350 | D:9      | Found a shattered altar of Ashenzari.
  6392 | D:9      | Found a shimmering altar of Xom.
  6394 | D:9      | Found a shimmering altar of Xom.
  6394 | D:9      | Found a shimmering altar of Xom.
  6397 | D:9      | Found a shimmering altar of Xom.
  6397 | D:9      | Found a shimmering altar of Xom.
  6399 | D:9      | Noticed Grum
  6427 | D:9      | Killed Grum
  6439 | D:9      | Found a shimmering altar of Xom.
  6702 | Orc:1    | Entered Level 1 of the Orcish Mines
  6713 | Orc:1    | Noticed an orc high priest
  6715 | Orc:1    | Noticed a soul eater
  6921 | Orc:1    | Noticed a sixfirhy
  6926 | D:9      | Reached XP level 12. HP: 78/109 MP: 14/14
  6927 | D:9      | Killed an orc high priest
  7083 | Orc:2    | Entered Level 2 of the Orcish Mines
  7088 | Orc:2    | Found a staircase to the Elven Halls.
  7207 | Orc:2    | Noticed an orc high priest
  7216 | Orc:2    | Noticed an orc warlord
  7225 | Orc:2    | Killed an orc high priest
  7242 | Orc:2    | Killed an orc warlord
  7253 | Orc:2    | Found a roughly hewn altar of Beogh.
  7256 | Orc:2    | Found Dufu's General Store.
  7363 | Orc:2    | Noticed Urug
  7385 | Orc:2    | Killed Urug
  7386 | Orc:2    | Reached skill level 5 in Evocations
  7424 | Orc:2    | Noticed a two-headed ogre
  7434 | Orc:2    | Killed a two-headed ogre
  7586 | Orc:2    | Found Welacat's Antique Weapon Shoppe.
  7601 | Orc:2    | Found Hacefoeg's Antique Armour Shoppe.
  7617 | Orc:2    | Found Gogidong's Jewellery Shoppe.
  7796 | Orc:2    | Bought a +4 ring of slaying for 1092 gold pieces
  7935 | D:12     | Noticed a two-headed ogre
  7946 | D:12     | Killed a two-headed ogre
  8283 | D:12     | Noticed a two-headed ogre
  8289 | D:12     | Killed a two-headed ogre
  8353 | D:12     | Annihilated by an enormous slime creature

Illustrated notes

Levels and vault maps discovered:
D:1:      minmay_arrival_widening_spiral_wide, layout_basic, minivault_4,
          minivault_24, item_on_display_a
D:2:      layout_basic, elyvilon_altar_1
D:3:      layout_loops_corners, chequers_ecumenical_altar_twisty,
          minmay_ruptured, uniq_ijyb
D:4:      layout_rooms, nicolae_overflow_hidden_temple,
          cheibrodos_ashenzari_chains
D:5:      layout_loops_corners, cheibriados_altar_1, minmay_temple_entry_arrows,
          first_ration, serial_shops, kennysheep_mini
D:6:      minmay_spotlight, layout_gridville
D:7:      lemuel_ice_spiral_2, layout_basic, the_bakery, uniq_joseph
D:8:      layout_loops_ring, grunt_temple_overflow_open, erik_lair_island
D:9:      layout_basic, xom_shifter_show, kennysheep_okawaru_gauntlet,
          marbit_many_paths, zombieorc2_lemuel, special_room [special_room_orc],
          st_stairs_3, uniq_grum, uniq_prince_ribbit1
D:10:     minmay_the_grid_square_5x5_3x3 [minmay_the_grid_square_5x5_spiral,
          minmay_the_grid_square_5x5_shrine1, minmay_the_grid_square_5x5_plus,
          minmay_the_grid_square_5x5_bite,
          minmay_the_grid_square_5x5_megaprize_crossed,
          minmay_the_grid_square_5x5_three,
          minmay_the_grid_square_5x5_broken_cross,
          minmay_the_grid_square_5x5_two, minmay_the_grid_square_5x5_inner_i],
          layout_basic, uniq_josephine
D:11:     layout_long_grid
D:12:     layout_irregular_city
Temple:   nicolae_temple_hex_pool
Orc:1:    layout_caves, serial_shops, shop_fountains, shop_fountains
Orc:2:    grunt_orc_cross, layout_caves, uniq_urug

Skill      XL: |  1  2  3  4  5  6  7  8  9 10 11 12 |
---------------+-------------------------------------+-----
Fighting       | 3 4 5 6 7 8 |  8.1
Axes           | 3 4 5 7 8 9 11 12 | 12.0
Dodging        | 1 2 3 4 5 6 7 9 |  9.4
Armour         | 4 5 6 7 8 9 |  9.0
Shields        | 4 5 6 7 8 9 |  9.1
Invocations    | 3 5 8 10 11 12 | 12.8
Evocations     | 3 5 |  5.6

Action                   |  1- 3 |  4- 6 |  7- 9 | 10-12 || total
-------------------------+-------+-------+-------+-------++-------
Melee: War axe           |    51 |   146 |   403 |   926 ||  1526
Invok: Lesser Servant of |       |       |       |     6 ||     6
       Greater Servant o |       |       |       |     1 ||     1
 Abil: Heal Wounds       |       |     1 |    15 |    22 ||    38
  Use: Scroll            |       |       |     9 |    12 ||    21
  Eat: Chunk             |       |     2 |     9 |    22 ||    33
       Ration            |       |       |       |     1 ||     1
Armor: Scale mail        |    24 |       |       |       ||    24
       Chain mail        |     3 |    93 |    71 |       ||   167
       Plate armour      |       |       |   159 |   523 ||   682
Dodge: Dodged            |    16 |    38 |   199 |   504 ||   757
Block: Kite shield       |    29 |    71 |   275 |   623 ||   998
